 Dungeon Crawl Stone Soup version 0.29.1-1-gd02db6906a (webtiles) character file.

Game seed: 1806196925261995519

294 hawla the Gusty (level 6, -4/47 HPs)
             Began as a Meteoran Air Elementalist on Oct 13, 2022.
             Was a Follower of Vehumet.
             Slain by Blork the orc
             ... wielding a +0 battleaxe
              (12 damage)
             ... on level 4 of the Dungeon.
             The game lasted 00:08:04 (2080 turns).

hawla the Gusty (Meteoran Air Elementalist)         Turns: 2080, Time: 00:08:04

Health: -4/47      AC:  4    Str:  9    XL:     6   Next: 92%
Magic:  0/13       EV: 13    Int: 18    God:    Vehumet [*.....]
Gold:   170        SH:  0    Dex: 16    Spells: 6/13 levels left

rFire   . . .      SeeInvis .   c - +0 quarterstaff
rCold   . . .      Faith    .   (shield currently unavailable)
rNeg    . . .      Spirit   .   a - +0 robe
rPois   .          Reflect  .   n - +1 helmet
rElec   .          Harm     .   (no cloak)
rCorr   .          Rampage  .   (no gloves)
Will    .....                   (no boots)
Stlth   +.........              (no amulet)
HPRegen 0.15/turn               (no ring)
MPRegen 0.13/turn               (no ring)

@: very slightly contaminated, glowing
A: sense surroundings 1, otherworldly, glowing, explore regen
a: Renounce Religion


You were on level 4 of the Dungeon.
You worshipped Vehumet.
Vehumet was aware of your devotion.
You visited 1 branch of the dungeon, and saw 4 of its levels.

You collected 170 gold pieces.

Inventory:

Hand Weapons
 c - a +0 quarterstaff (weapon)
Armour
 a - a +0 robe (worn)
 n - a +1 helmet (worn)
 q - a +2 pair of boots
Scrolls
 f - a scroll of teleportation
 g - 3 scrolls of enchant weapon {unknown}
 k - a scroll of amnesia
 m - a scroll of acquirement {unknown}
 o - a scroll of identify
Potions
 b - 2 potions of curing
 d - a potion of haste
 e - 3 potions of attraction
 h - a potion of magic
 j - a potion of heal wounds
 l - a potion of degeneration {unknown}
 p - a potion of ambrosia {unknown}


   Skills:
 + Level 1.0 Fighting
 + Level 0.2 Staves
 + Level 2.7 Dodging
 - Level 1.4 Stealth
 + Level 4.2 Spellcasting
 + Level 2.7 Conjurations
 + Level 6.7 Air Magic


You had 6 spell levels left.
You knew the following spells:

 Your Spells              Type           Power      Damage    Failure   Level
a - Shock                 Conj/Air       84%        1d8       1%          1
b - Static Discharge      Conj/Air       21%        3-6/arc   3%          2
c - Airstrike             Air            14%        2d(2-18)  9%          4

Your spell library contained the following spells:

 Spells                   Type           Power      Damage    Failure   Level
 Magic Dart               Conj           52%        1d5       4%          1
 Swiftness                Air            28%        N/A       2%          3


Dungeon Overview and Level Annotations

Branches:
Dungeon (4/15) Zot: 331
 Temple: D:4-7

Altars:
Vehumet

Shops:
D:1 *

Annotations:
D:4 Blork the orc


Innate Abilities, Weirdness & Mutations

You passively map a small area around you.
You are easily found by Zot.
You glow in the dark.
You regain HP and MP as you explore.


Message History

The puff of flame hits you!
Casting: Shock (safe; 1% risk of failure)
Confirm with . or Enter, or press ? or * to list all spells.
Aiming: Shock (safe; 1% risk of failure)
Press: ? - help, Shift-Dir - straight line, f - Blork the orc
Aim: Blork the orc, wielding a +0 battleaxe and wearing a +0 robe (77% to hit)
The zap hits Blork the orc.
Blork the orc is lightly wounded.
Blork the orc gestures wildly while chanting.
Blork the orc seems to speed up.
Casting: Shock (safe; 1% risk of failure)
Confirm with . or Enter, or press ? or * to list all spells.
Aiming: Airstrike (dangerous; 9% risk of failure)
Press: ? - help, Dir - move target, f/p - Blork the orc
Aim: Blork the orc, wielding a +0 battleaxe and wearing a +0 robe (lightly wounded, fast, empty space bonus: 4/8)
The air twists around and strikes Blork the orc!
Blork the orc is heavily wounded.
Casting: Airstrike (dangerous; 9% risk of failure)
Confirm with . or Enter, or press ? or * to list all spells.
Aiming: Airstrike (dangerous; 9% risk of failure)
Press: ? - help, Dir - move target, f/p - Blork the orc
Aim: Blork the orc, wielding a +0 battleaxe and wearing a +0 robe (heavily wounded, fast, empty space bonus: 5/8)
You miscast Airstrike.
You are very lightly contaminated with residual magic.
Nothing appears to happen.
Blork the orc points at you and mumbles some strange words.
The magic dart hits you.
Blork the orc hits you with a +0 battleaxe!
* * * LOW HITPOINT WARNING * * *
Casting: Airstrike (dangerous; 9% risk of failure)
Confirm with . or Enter, or press ? or * to list all spells.
Aiming: Airstrike (dangerous; 9% risk of failure)
Press: ? - help, Dir - move target, f/p - Blork the orc
Aim: Blork the orc, wielding a +0 battleaxe and wearing a +0 robe (heavily wounded, fast, empty space bonus: 5/8)
You miscast Airstrike.
You are caught in an explosion of electrical discharges.
* * * LOW HITPOINT WARNING * * *
Blork the orc screams, "I'll crush all your ribs!
One by one!"
Blork the orc hits you with a +0 battleaxe!
You die...

####.#............# #...#.......⌠
.....#............###.###........
......................# #........
######......######....# ##.......
#......#.........# ##......
#......#.#####'#.# ##..... ##
#......#.....#.#.# ##.... .#
#>####.#####.#.#.# ##... .# #.#
#.....@...#.# #### .#
#.##########o###.# .#
#................#
.################.#######
.....†................... ,
#################.#######* #.# ,*
, , , ...,** ..... ,


You could see Blork the orc (fast).

Vanquished Creatures
  A scorpion (D:4)
  A hound (D:4)
  An orc priest (D:4)
  Robin (D:4)
  4 gnolls (D:3)
  5 adders
  2 worms (D:2)
  A dart slug (D:1)
  6 orcs
  5 bats
  5 endoplasms
  3 giant cockroaches
  18 goblins
  4 hobgoblins
  6 kobolds
  2 quokkas
  3 ball pythons
  A frilled lizard (D:3)
  2 rats
71 creatures vanquished.

Notes
Turn   | Place    | Note
-------+----------+-------------------------------------------
     0 | D:1      | hawla the Meteoran Air Elementalist began the quest for the
                  | Orb.
     0 | D:1      | Reached XP level 1. HP: 14/14 MP: 5/5
   103 | D:1      | Found Umiabint's General Store.
   175 | D:1      | Reached skill level 4 in Air Magic
   175 | D:1      | Reached XP level 2. HP: 20/20 MP: 1/6
   178 | D:1      | Learned a level 2 spell: Static Discharge
   500 | D:1      | Glimpsed the power of Zot.
   686 | D:2      | Reached XP level 3. HP: 26/26 MP: 6/8
   730 | D:2      | Reached skill level 5 in Air Magic
   777 | D:2      | Reached XP level 4. HP: 29/33 MP: 0/9
   782 | D:2      | Learned a level 4 spell: Airstrike
  1029 | D:2      | Reached skill level 6 in Air Magic
  1100 | D:2      | Glimpsed the power of Zot.
  1151 | D:3      | Reached XP level 5. HP: 38/38 MP: 1/10
  1359 | D:3      | Found a faded altar of an unknown god.
  1625 | D:4      | Found a radiant altar of Vehumet.
  1632 | D:4      | Reached XP level 6. HP: 39/45 MP: 7/12
  1640 | D:4      | Became a worshipper of Vehumet
  1645 | D:4      | Noticed Robin
  1710 | D:4      | Killed Robin
  1923 | D:4      | Reached skill level 1 in Fighting
  1935 | D:4      | Noticed Blork the orc
  1947 | D:4      | Reached * piety under Vehumet
  1947 | D:4      | Offered knowledge of Magic Dart by Vehumet.
  2080 | D:4      | Slain by Blork the orc

Illustrated notes

Levels and vault maps discovered:
D:1:      lightli_arrival_statue_moat, layout_loops_ring, serial_shops,
          nicolae_shop_hallway_plus, minmay_misc_feat_encased,
          kennysheep_pointless_box
D:2:      layout_basic, kennysheep_generic_room_12
D:3:      layout_basic, hellmonk_ecumenical_altar_arch_garden
D:4:      kennysheep_big_flooded_room, layout_basic, lemuel_crystal_altar,
          nicolae_vehumet_radiance, minmay_mini_ossuary, uniq_blork_the_orc,
          uniq_robin

Skill      XL: |  1  2  3  4  5  6 |
---------------+-------------------+-----
Air Magic      | 4 5 6 |  6.7
Spellcasting   | 3 4 |  4.2
Conjurations   | 2 |  2.7
Fighting       | 1 |  1.0
Staves         | |  0.2
Dodging        | |  2.7
Stealth        | |  1.4

Action                   |  1- 3 |  4- 6 || total
-------------------------+-------+-------++-------
Melee: Unarmed           |     5 |       ||     5
       Quarterstaff      |       |    16 ||    16
 Cast: Shock             |    38 |    44 ||    82
       Static Discharge  |     9 |    19 ||    28
       Airstrike         |       |     6 ||     6
  Use: Scroll            |       |    10 ||    10
       Potion            |       |     3 ||     3
Armor: Robe              |     8 |    10 ||    18
Dodge: Dodged            |    11 |    31 ||    42
